 Dungeon Crawl Stone Soup version 0.20.1-1-g8b1a95d (webtiles) character file.

700 KoningWillie the Slasher (level 7, -1/68 HPs)
             Began as a Troll Fighter on Sept 24, 2017.
             Slain by a sky beast (5 damage)
             ... on level 6 of the Dungeon.
             The game lasted 00:08:19 (5713 turns).

KoningWillie the Slasher (Troll Fighter)            Turns: 5713, Time: 00:08:21

Health: -1/68      AC:  5    Str: 27    XL:     7   Next: 38%
Magic:  6/6        EV:  9    Int:  4    God:
Gold:   384        SH:  9    Dex: 13    Spells: 6/6 levels left

rFire    . . .     SeeInvis .   a - +0 long sword
rCold    . . .     Gourm    +   c - +0 shield
rNeg     . . .     Faith    .   b - +0 robe
rPois    .         Spirit   .   (helmet restricted)
rElec    .         Reflect  .   (no cloak)
rCorr    .         Harm     .   (gloves unavailable)
MR       .....                  (boots unavailable)
Stlth    ++........             (no amulet)
Regen    0.7/turn               o - +4 ring of dexterity
MPRegen  0.1/turn               (no ring)

@: no status effects
A: unfitting armour, claws 3, fast metabolism 3, gourmand, regeneration 1,
shaggy fur 1, tough skin 2
a: no special abilities


You were on level 6 of the Dungeon.
You were not hungry.

You visited 1 branch of the dungeon, and saw 7 of its levels.

You collected 384 gold pieces.

Inventory:

Hand Weapons
 a - a +0 long sword (weapon)
Armour
 b - a +0 robe (worn)
 c - a +0 shield (worn)
 r - a +0 centaur barding
Jewellery
 o - a +4 ring of dexterity (left claw)
 x - a +3 ring of strength {unknown}
Wands
 s - a wand of iceblast (15/15)
 w - a wand of disintegration (12/24)
Scrolls
 j - a scroll of fear
 k - 4 scrolls of remove curse
 n - 2 scrolls of recharging
 p - a scroll of teleportation
 v - a scroll of identify
Potions
 d - a potion of might
 e - a potion of flight {unknown}
 g - a potion of haste {unknown}
 h - 2 potions of ambrosia
 i - 3 potions of curing {unknown}
 u - a potion of agility {unknown}
Books
 m - a book of Air

   Spells                             Type                      Level
   a - Shock                          Conjuration/Air              1
   b - Swiftness                      Charms/Air                   2
   c - Static Discharge               Conjuration/Air              3
   d - Airstrike                      Air                          4
   e - Lightning Bolt                 Conjuration/Air              5
 t - a book of Maledictions

   Spells                             Type                      Level
   a - Corona                         Hexes                        1
   b - Ensorcelled Hibernation        Hexes/Ice                    2
   c - Confuse                        Hexes                        3
   d - Tukima's Dance                 Hexes                        3
   e - Dazzling Spray                 Conjuration/Hexes            3
Comestibles
 f - 4 bread rations
 l - 2 meat rations
 q - a royal jelly


   Skills:
 + Level 3.6 Fighting
 + Level 4.9 Long Blades
 + Level 3.9 Dodging
 + Level 0.7 Stealth
 - Level 3.1 Shields


You had 6 spell levels left.
You didn't know any spells.

Dungeon Overview and Level Annotations

Branches:
Dungeon (7/15)             Temple (0/1) D:4

Altars:
Okawaru
Qazlal
Ru
Yredelemnul

Annotations:
D:2 Sigmund


Innate Abilities, Weirdness & Mutations

You are too large for most types of armour.
You have claws for hands.
Your metabolism is lightning-fast.
You like to eat raw meat.
Your natural rate of healing is unusually fast.
You are covered in fur. (AC +1)
You have very tough skin. (AC +2)


Message History

The worker ant zombie is severely damaged.
A sky beast appears from thin air!
Reactivating autopickup.
The sky beast hits you.
* * * LOW HITPOINT WARNING * * *
The sky beast shocks you.
* * * LOW HITPOINT WARNING * * *
There are monsters nearby!
You closely miss the sky beast.
The sky beast is almost dead.
The worker ant zombie bites you.
* * * LOW HITPOINT WARNING * * *
You block the sky beast's attack.
You barely miss the sky beast.
The sky beast is almost dead.
You block the worker ant zombie's attack.
The sky beast hits you.
* * * LOW HITPOINT WARNING * * *
The sky beast shocks you.
You die...

######## #......# #......# #####
#......######### #...######
+......'.......# +...+....##
#......#######.#
#...####..######......+..# #.###
##.............#.Y....##.####.#..
..≈............Z@###.....[.......
##....###.####.#.#######†####.#.#
#....# #..# #.#.........# #.#.#
#....# ##.###.#.##......# #.#.#
#.#### #..##....+......+ ..#.# #.
##.####.##......# ###.# #. #.##
#.##......# #.# ..
..###..###.######### #.#
..........#.#


You could see a sky beast and a worker ant zombie.

Vanquished Creatures
  2 centaurs (D:5)
  A howler monkey (D:5)
  A crimson imp (D:5)
  An orc priest (D:4)
  2 orc wizards (D:5)
  A bullfrog skeleton (D:5)
  A hound (D:7)
  Terence (D:2)
  4 worker ants
  A hound zombie (D:7)
  8 adders
  An adder skeleton (D:4)
  A worm (D:3)
  A dart slug (D:1)
  4 leopard geckos
  6 orcs
  10 bats
  3 giant cockroaches
  11 goblins
  11 hobgoblins
  14 jackals
  3 quokkas
  2 ball pythons
  3 frilled lizards
  2 jackal skeletons
  4 kobolds
  A leopard gecko skeleton (D:4)
  3 rats
103 creatures vanquished.

Notes
Turn   | Place    | Note
-------+----------+-------------------------------------------
     0 | D:1      | KoningWillie the Troll Fighter began the quest for the Orb.
     0 | D:1      | Reached XP level 1. HP: 22/22 MP: 0/0
   407 | D:1      | Reached XP level 2. HP: 29/29 MP: 1/1
   946 | D:1      | Reached XP level 3. HP: 35/36 MP: 2/2
  1596 | D:2      | Noticed Terence
  1612 | D:2      | Killed Terence
  1613 | D:2      | Reached skill level 2 in Long Blades
  1696 | D:2      | Reached XP level 4. HP: 44/44 MP: 3/3
  2219 | D:2      | Noticed Sigmund
  3604 | D:4      | Reached XP level 5. HP: 43/53 MP: 4/4
  3719 | D:4      | Reached skill level 3 in Long Blades
  4110 | D:4      | Found a staircase to the Ecumenical Temple.
  4198 | D:4      | Found a stormy altar of Qazlal.
  4387 | D:5      | Entered Level 5 of the Dungeon
  4391 | D:5      | Reached XP level 6. HP: 61/61 MP: 5/5
  4516 | D:5      | Reached skill level 4 in Long Blades
  5042 | D:5      | Reached XP level 7. HP: 59/67 MP: 6/6
  5080 | D:5      | Found a sacrificial altar of Ru.
  5332 | D:5      | Found a basalt altar of Yredelemnul.
  5332 | D:5      | Found an iron altar of Okawaru.
  5713 | D:6      | Slain by a sky beast

Skill      XL: |  1  2  3  4  5  6 |
---------------+-------------------+-----
Shields        | 3 |  3.1
Long Blades    | 2 3 4 |  4.9
Dodging        | 3 |  3.9
Fighting       | 3 |  3.6
Stealth        | |  0.7

Action                   |  1- 3 |  4- 6 |  7- 9 || total
-------------------------+-------+-------+-------++-------
Melee: Long sword        |   118 |   223 |    72 ||   413
  Use: Scroll            |       |     7 |     1 ||     8
       Potion            |       |       |     1 ||     1
 Stab: Sleeping          |     1 |     1 |       ||     2
  Eat: Bread ration      |     2 |       |       ||     2
       Chunk             |     8 |    22 |     5 ||    35
       Meat ration       |       |     1 |       ||     1
       Fruit             |       |     3 |       ||     3
Armor: Robe              |    63 |    72 |    42 ||   177
Dodge: Dodged            |    62 |    83 |    31 ||   176
Block: Shield            |    94 |   125 |    52 ||   271
       Rpst.: Long sword |    21 |    30 |    13 ||    64
